 Dungeon Crawl Stone Soup version 0.16.0-6-gad6103a (webtiles) character file.

385429 Heini the Skullcrusher (level 21, -4/198 HPs)
             Began as a Minotaur Fighter on Mar 15, 2015.
             Was the Champion of Okawaru.
             Slain by a raiju (6 damage)
             ... on level 1 of the Abyss.
             The game lasted 03:46:51 (48188 turns).

Heini the Skullcrusher (Minotaur Fighter)          Turns: 48188, Time: 03:46:51

Health: -4/198     AC: 39    Str: 37 (38) XL:     21   Next: 99%
Magic:  0/17       EV:  9    Int:  3      God:    Okawaru [******]
Gold:   4819       SH:  0    Dex: 19      Spells: 0 memorised, 20 levels left

rFire  + + +     SeeInvis .     X - +3 great mace of Zihoev {crush, +Fly rF++ Str+4 Stlth-}
rCold  . . .     Clarity  +     Z - +16 plate armour of Joy {rF+ MR- MP+9 Int-2 Dex+5}
rNeg   . . .     SustAb   .     (no shield)
rPois  +         Gourm    .     l - +0 hat {Spirit}
rElec  .         Spirit   +     p - +2 cloak {rPois}
rCorr  .         Warding  .     G - +2 pair of gloves
rMut   .         Rnd*Tele +     S - -2 pair of boots "Khakhlisch" {Dex+6 Stlth-}
MR     +....                    U - amulet of clarity
Stlth  ..........               s - ring of protection from magic
                                y - +5 ring of strength

@: non-regenerating, lost intelligence, very slow, somewhat resistant to hostile
enchantments, extremely unstealthy
A: retaliatory headbutt, horns 2, berserk 2, blurry vision 3, clumsy 2, deformed
body, deterioration 2, frail 1, low mp 2, screaming 1, slow healing 3,
teleportitis 3, no device heal 1, placid magic 3, MP-powered wands 1
a: Heroism, Finesse, Renounce Religion, Evoke Flight
}: 2/15 runes: decaying, serpentine


You were on level 1 of the Abyss.
You worshipped Okawaru.
Okawaru was exalted by your worship.
You were not hungry.

You visited 8 branches of the dungeon, and saw 45 of its levels.
You visited the Abyss 2 times.

You collected 4819 gold pieces.

Inventory:

Hand weapons
 X - the +3 great mace of Zihoev (weapon) {crush, +Fly rF++ Str+4 Stlth-}
   (You found it on level 13 of the Dungeon)

   It inflicts extra damage upon your enemies.
   It affects your strength (+4).
   It greatly protects you from fire.
   It lets you fly.
   It makes you less stealthy.
Armour
 l - a +0 hat of spirit shield (worn)
 p - a +2 cloak of poison resistance (worn)
 A - a +2 cloak of magic resistance
 G - a +2 pair of gloves (worn)
 S - the -2 pair of boots "Khakhlisch" (worn) {Dex+6 Stlth-}
   (Okawaru gifted it to you on level 11 of the Dungeon)

   It affects your dexterity (+6).
   It makes you less stealthy.
 Z - the +16 plate armour of Joy (worn) {rF+ MR- MP+9 Int-2 Dex+5}
   (You found it on level 1 of the Lair of Beasts)

   It affects your intelligence (-2).
   It affects your dexterity (+5).
   It protects you from fire.
   It affects your resistance to hostile enchantments.
   It affects your magic capacity (+9).
Jewellery
 s - a ring of protection from magic (right hand)
 u - an uncursed ring of see invisible
 y - a +5 ring of strength (left hand)
 C - an uncursed amulet of resist corrosion
 D - an uncursed ring of sustain abilities
 U - an amulet of clarity (around neck)
Magical devices
 H - a wand of digging (12)
 K - a wand of magic darts (28)
 M - a wand of teleportation (6)
 P - a wand of confusion (29)
 T - a wand of teleportation (6)
 W - a wand of disintegration (15)
Scrolls
 a - 7 scrolls of remove curse
 g - 6 scrolls of fear
 h - 15 scrolls of identify
 j - 3 scrolls of recharging
 w - 18 scrolls of teleportation
 x - 8 scrolls of magic mapping
 F - 10 scrolls of enchant armour
 J - 8 scrolls of enchant weapon
 L - 2 scrolls of holy word
 Q - 4 scrolls of blinking
 R - 7 scrolls of amnesia
 Y - 2 scrolls of fog
Potions
 b - 2 potions of ambrosia
 c - 4 potions of flight
 e - 5 potions of might
 f - 3 potions of haste
 m - a potion of heal wounds
 o - 12 potions of curing
 q - 3 potions of resistance
 r - 3 potions of brilliance
 t - 2 potions of cure mutation
 z - 5 potions of restore abilities
 B - 2 potions of cancellation
 I - a potion of invisibility
 N - 4 potions of berserk rage
 V - 2 potions of agility
Comestibles
 d - 16 bread rations
 i - 8 slices of pizza
 k - 16 meat rations
 n - 7 royal jellies
 E - 33 fruits
 O - 9 beef jerkies


   Skills:
 * Level 25.9 Fighting
 O Level 27 Maces & Flails
 * Level 22.1 Armour
   Level 3.6 Shields
 + Level 0.6 Invocations
 + Level 0.8 Evocations


You had 20 spell levels left.
You didn't know any spells.

Dungeon Overview and Level Annotations

Branches:
Dungeon (14/15)            Temple (1/1) D:5            Lair (8/8) D:11
  Swamp (5/5) Lair:6        Snake (5/5) Lair:3        Slime (0/6) Lair:7
    Orc (4/4) D:11            Elf (3/3) Orc:3        Vaults (5/5) D:14
  Crypt (0/3) Vaults:2

Altars:
Ashenzari
Cheibriados
Dithmenos
Elyvilon
Fedhas
Gozag
Kikubaaqudgha
Makhleb
Nemelex Xobeh
Okawaru
Qazlal
Ru
Sif Muna
Trog
Vehumet
Xom
Yredelemnul
Zin
The Shining One
Beogh
Jiyva

Shops:
D:7 (   Orc:3 [   Orc:4 [*(%   Elf:2 (   Elf:3 :   Vaults:4 *

Annotations:
Snake:2 Vashnia


Innate Abilities, Weirdness & Mutations

You reflexively headbutt those who attack you in melee.
You have a pair of horns on your head.
[You often lose your temper in combat.]
[Scrolls take you much longer to read.]
[You are very clumsy. (Dex -4)]
[Armour fits poorly on your strangely shaped body.]
[Your body is deteriorating.]
[You are frail (-10% HP).]
[Your magical capacity is very low (-20% MP).]
[You occasionally shout uncontrollably at your foes.]
[You do not heal naturally.]
[Space frequently distorts in your vicinity.]
[Potions and wands are less effective at restoring your health.]
[Your spells are much easier to cast, but much less powerful.]
[You expend magic power (3 MP) to slightly strengthen your wands.]


Message History

You kill the raiju!
Okawaru accepts your kill.
You hear a bark!
The raiju bites you but does no damage. The raiju bites you but does no damage.
The raiju barely misses you. You furiously retaliate!
You headbutt the raiju!!
A raiju comes into view.
The raiju bursts into living lightning!
The living lightning hits you!
* * * LOW HITPOINT WARNING * * *
The raiju blinks!
The raiju bursts into living lightning!
The living lightning misses the raiju.
The living lightning misses you.
The raiju blinks!
The raiju bursts into living lightning!
The living lightning hits you! x2
* * * LOW HITPOINT WARNING * * *
The raiju blinks! x2
The raiju bites you!
You die...

####... ..#. . ## ##
.#...#.. .... . ##.
# ..##.# #.# ## . ..
###....###.#.#
.####.####...#.....#
#.........##......#
# .....##.†...#.#.#
.# #..#...##.#.#
#.#.# #.@.###.####
##≈≈. #.#.h# #. .#
#.#....##.
#.h..#.##. .#.......
# .##.###.# .# ###
.# # .


You could see 2 raiju.

Vanquished Creatures
  An ancient lich (Abyss:1)
  Norris (Snake:2)
  Saint Roka (Snake:4)
  Xtahua (Vaults:2)
  A bone dragon (Abyss:1)
  Nikola (Elf:2)
  A lich (Abyss:1)
  A tentacled monstrosity (Abyss:1)
  Asterion (Swamp:2)
  2 deep elf blademasters
  4 tentacled starspawn (Abyss:1)
  Agnes (Snake:3)
  2 thorn hunters
  A shadow dragon (Vaults:5)
  Frances (Swamp:4)
  Roxanne (Elf:2)
  A tengu reaver (Vaults:4)
  11 greater nagas
  A frost giant (Vaults:2)
  Donald (Vaults:2)
  Wiglaf (Swamp:2)
  The ghost of Chiseanne the Bludgeoner, a mighty DsFi of Cheibriados (Elf:3)
  15 vault wardens
  Aizul (Snake:1)
  Louise (Elf:2)
  A cacodemon (Abyss:1)
  A balrug (Abyss:1)
  2 war gargoyles
  2 stone giants
  4 very ugly things
  A deep elf demonologist (Elf:3)
  12 ironheart preservers
  Azrael (D:14)
  A purple draconian (Abyss:1)
  An eidolon (Vaults:2)
  4 ettins
  Snorg (Lair:4)
  6 yaktaur captains
  2 deep elf death magi
  33 vault guards
  Josephine (D:11)
  2 deep elf high priests
  2 great orbs of eyes
  Fannar (Orc:4)
  25 hydras
  2 ice dragons
  25 naga warriors
  Nessos (Snake:1)
  9 anacondas
  Erica (D:11)
  10 ogre magi
  2 deep troll earth magi
  15 dancing weapons (Elf:2)
  4 tengu warriors
  3 alligators
  2 orc high priests
  3 deep troll shamans
  9 shock serpents
  10 centaur warriors
  2 soul eaters (Abyss:1)
  33 naga sharpshooters
  Nergalle (Lair:6)
  12 deep elf knights
  A skeletal warrior (Vaults:2)
  A fire crab (shapeshifter) (Vaults:4)
  4 wretched stars (Abyss:1)
  3 salamander mystics
  2 fire crabs
  2 shadow wraiths (Abyss:1)
  A wizard (D:14)
  A giant orange brain (Vaults:3)
  A storm dragon skeleton (D:14)
  3 flayed ghosts
  14 deep trolls
  4 unseen horrors
  Erolcha (D:13)
  2 deep elf summoners
  7 swamp dragons (Swamp:5)
  10 harpies
  2 hill giants
  3 shambling mangroves (Swamp:5)
  13 naga ritualists
  Pikel (D:8)
  16 orc knights
  15 deep elf conjurers
  9 necromancers
  7 ironbrand convokers
  A lindwurm (Lair:7)
  2 wolf spiders (Vaults:1)
  A hill giant (shapeshifter) (Vaults:4)
  18 mana vipers
  4 cyclopes
  6 orc sorcerers
  6 griffons
  2 worldbinders (Abyss:1)
  A phantasmal warrior (Abyss:1)
  A fire giant zombie (Vaults:4)
  A tengu skeleton (Vaults:4)
  A frost giant zombie (Vaults:4)
  A manticore (D:11)
  33 black mambas
  A draconian (shapeshifter) (Vaults:1)
  15 salamanders
  16 ugly things
  4 elephants (Lair:5)
  8 guardian serpents
  Maurice (D:8)
  3 hornets
  A frost giant skeleton (Abyss:1)
  A black mamba (shapeshifter) (Vaults:1)
  7 large abominations
  An orange demon (Abyss:1)
  An octopode (shapeshifter) (Vaults:3)
  10 vault sentinels
  2 centaur skeletons
  A gargoyle (D:14)
  3 smoke demons (Abyss:1)
  17 naga magi
  21 yaktaurs
  16 spiny frogs
  A kobold demonologist (D:13)
  7 small abominations
  8 fire drakes
  8 deep elf priests
  5 spriggan druids
  6 komodo dragons
  2 tengu conjurers (D:13)
  2 blue devils
  A freezing wraith (Vaults:4)
  A jumping spider (Elf:3)
  Sonja (Orc:3)
  6 polar bears
  Prince Ribbit (D:7)
  4 boulder beetles
  7 two-headed ogres
  3 raiju (Abyss:1)
  19 ravens
  12 trolls
  12 bog bodies
  A harpy skeleton (D:14)
  10 giant leeches
  An ice dragon zombie (Vaults:1)
  18 blink frogs
  A fire giant simulacrum (Vaults:3)
  2 trapdoor spiders
  18 slime creatures
  7 basilisks
  A flying skull (Abyss:1)
  A spriggan (shapeshifter) (Abyss:1)
  3 ettin skeletons
  8 redbacks
  2 fire elementals
  2 ynoxinuls
  42 yaks
  24 spriggans
  A water elemental (D:11)
  3 fire bats (Lair:6)
  A neqoxec (Abyss:1)
  A human (D:14)
  13 wraiths
  Eustachio (Orc:2)
  30 deep elf magi
  2 golden eyes (Abyss:1)
  A hippogriff (shapeshifter) (Vaults:3)
  3 shadows
  2 yaks (shapeshifter)
  5 wyverns
  2 chaos spawn
  A tengu zombie (D:14)
  31 deep elf fighters
  15 hippogriffs
  24 wolves
  A golden eye (shapeshifter) (Vaults:1)
  5 wargs
  25 swamp worms
  9 insubstantial wisps
  2 humans (shapeshifter)
  A raven zombie (D:14)
  5 mottled dragons
  37 vampire mosquitoes
  2 soldier ants
  31 water moccasins
  7 porcupines
  8 hell hounds
  92 nagas
  36 orc warriors
  10 swamp drakes
  A black mamba simulacrum (Abyss:1)
  8 black bears
  7 ice beasts
  A boring beetle (shapeshifter) (Elf:1)
  37 ogres
  15 wasps
  2 eyes of draining
  21 centaurs
  A sky beast (D:13)
  4 phantoms
  A big kobold (D:9)
  13 giant frogs
  A necrophage (D:7)
  2 boring beetles (Lair:5)
  18 crocodiles
  A brain worm (Abyss:1)
  Blork the orc (D:6)
  6 human zombies
  3 elf zombies (Elf:1)
  A glowing shapeshifter simulacrum (Vaults:4)
  A gnoll sergeant (D:10)
  6 scorpions
  A wyvern skeleton (D:13)
  A water moccasin skeleton (D:10)
  A human simulacrum (Vaults:4)
  8 killer bees
  2 vampire bats (D:9)
  6 centaur zombies
  4 electric eels
  12 wights
  13 crimson imps
  A goliath beetle (D:9)
  3 giant frog zombies
  3 quasits
  48 orc priests
  2 giant frog skeletons
  6 hounds
  13 iguanas
  7 jellies
  Crazy Yiuf (D:5)
  A wyvern simulacrum (D:13)
  14 worker ants
  52 orc wizards
  A hell rat (Elf:2)
  10 sheep
  A hound zombie (D:10)
  12 gnolls
  20 adders
  49 river rats
  A giant mite (D:3)
  8 shadow imps
  5 white imps
  2 worms (D:5)
  3 ufetubi (Elf:3)
  An adder zombie (D:5)
  An ooze (D:6)
  235 orcs
  3 ball pythons
  4 bat skeletons (D:9)
  A bat zombie (D:5)
  9 giant cockroaches
  2 gnoll zombies (D:6)
  19 goblins
  27 hobgoblins
  21 jackals
  8 quokkas
  14 bats
  4 giant geckos
  A giant gecko zombie (D:8)
  3 giant newts
  2 giant spores
  22 kobolds
  3 orc zombies (Orc:4)
  10 rats
  3 ballistomycetes
  3 bushes (Lair:8)
  2 fungi
  5 plants
  2 toadstools (Swamp:4)
2152 creatures vanquished.

Vanquished Creatures (others)
  A deep elf knight (Elf:2)
  A naga mage (Snake:5)
  A harpy skeleton (D:14)
  A deep elf fighter (Elf:1)
  An orc warrior (Vaults:2)
  2 lost souls (Elf:3)
  A scorpion (D:14)
  A killer bee (D:13)
  An orc (Orc:4)
  A bat (D:8)
  A bush (Lair:8)
  2 fungi
  2 starspawn tentacles (Abyss:1)
  4 toadstools (Swamp:4)
20 creatures vanquished.

Grand Total: 2172 creatures vanquished

Notes
Turn   | Place    | Note
--------------------------------------------------------------
     0 | D:1      | Heini, the Minotaur Fighter, began the quest for the Orb.
     0 | D:1      | Reached XP level 1. HP: 19/19 MP: 1/1
   125 | D:1      | Reached skill level 4 in Fighting
   187 | D:1      | Reached XP level 2. HP: 22/27 MP: 1/1
   253 | D:1      | You fall through a shaft!
   400 | D:2      | Found an iron altar of Okawaru.
   404 | D:2      | Became a worshipper of Warmaster Okawaru
   408 | D:2      | Found a glowing silver altar of Zin.
   411 | D:2      | Found a shimmering altar of Xom.
   616 | D:2      | Reached XP level 3. HP: 34/34 MP: 2/2
   677 | D:2      | Reached XP level 4. HP: 24/41 MP: 2/2
   941 | D:1      | Reached skill level 5 in Armour
  1611 | D:3      | Reached skill level 5 in Fighting
  1611 | D:3      | Reached XP level 5. HP: 40/48 MP: 2/2
  2463 | D:3      | Reached skill level 6 in Armour
  2495 | D:4      | Reached XP level 6. HP: 47/56 MP: 3/3
  2511 | D:4      | Acquired Okawaru's first power
  2880 | D:4      | Found a burning altar of Makhleb.
  3197 | D:5      | Entered Level 5 of the Dungeon
  3208 | D:5      | Reached skill level 5 in Maces & Flails
  3208 | D:5      | Reached skill level 7 in Armour
  3208 | D:5      | Reached XP level 7. HP: 56/63 MP: 3/3
  3353 | D:5      | Found a staircase to the Ecumenical Temple.
  3361 | Temple   | Entered the Ecumenical Temple
  3619 | D:5      | Noticed Crazy Yiuf
  3624 | D:5      | Killed Crazy Yiuf
  3671 | D:5      | Found a sparkling altar of Nemelex Xobeh.
  3844 | D:5      | Reached skill level 8 in Armour
  3844 | D:5      | Reached XP level 8. HP: 63/71 MP: 3/3
  3877 | D:6      | Noticed Blork the orc
  3898 | D:6      | Killed Blork the orc
  3956 | D:6      | Found a snail-covered altar of Cheibriados.
  4170 | D:6      | Found a bloodstained altar of Trog.
  4375 | D:6      | Found a basalt altar of Yredelemnul.
  4471 | D:7      | Found Saena's Weapon Shop.
  4515 | D:7      | Reached skill level 9 in Armour
  4825 | D:7      | Reached XP level 9. HP: 76/81 MP: 4/4
  4921 | D:7      | Noticed Prince Ribbit
  4932 | D:7      | Killed Prince Ribbit
  5436 | D:8      | Noticed Maurice
  5459 | D:8      | Killed Maurice
  5459 | D:8      | Reached skill level 10 in Maces & Flails
  5459 | D:8      | Reached skill level 10 in Armour
  5508 | D:8      | Received a gift from Okawaru
  5555 | D:8      | Noticed Pikel
  5556 | D:8      | Found a shadowy altar of Dithmenos.
  5563 | D:8      | Killed Pikel
  5866 | D:9      | Reached XP level 10. HP: 93/93 MP: 4/4
  5903 | D:9      | Reached skill level 10 in Fighting
  5903 | D:9      | Reached skill level 11 in Maces & Flails
  5951 | D:9      | Found an ancient bone altar of Kikubaaqudgha.
  5953 | D:9      | Acquired Okawaru's second power
  6388 | D:10     | Entered Level 10 of the Dungeon
  6465 | D:10     | Killed an unseen horror
  6507 | D:10     | Reached skill level 12 in Maces & Flails
  7535 | D:11     | Noticed Josephine
  7540 | D:11     | Killed Josephine
  7540 | D:11     | Reached skill level 13 in Maces & Flails
  7543 | D:11     | Received a gift from Okawaru
  7543 | D:11     | Reached XP level 11. HP: 92/102 MP: 4/4
  7547 | D:11     | Got a pair of faintly humming boots {god gift}
  7553 | D:11     | Identified the -2 pair of boots "Khakhlisch" {Dex+6 Stlth-} (Okawaru gifted it to you on level 11 of the Dungeon)
  7580 | D:11     | Noticed a six-headed hydra
  7590 | D:11     | Killed a six-headed hydra
  7647 | D:11     | Noticed a cyclops
  7655 | D:11     | Killed a cyclops
  7763 | D:11     | Noticed a cyclops
  8054 | D:11     | Killed a cyclops
  8209 | D:11     | Noticed a manticore
  8213 | D:11     | Killed a manticore
  8267 | D:11     | Found a staircase to the Lair.
  8325 | D:11     | Found a staircase to the Orcish Mines.
  8335 | D:11     | Noticed Erica
  8343 | D:11     | Killed Erica
  8343 | D:11     | Reached skill level 14 in Maces & Flails
  8436 | D:11     | Found a runed door.
  8439 | D:11     | Found a runed door.
  8637 | D:11     | Noticed a brown ugly thing
  8644 | D:11     | Killed a brown ugly thing
  9050 | D:11     | Noticed a deep troll
  9053 | D:11     | Killed a deep troll
  9165 | Orc:1    | Entered Level 1 of the Orcish Mines
  9228 | Lair:1   | Entered Level 1 of the Lair of Beasts
  9341 | Lair:1   | Identified a scroll of acquirement
  9344 | Lair:1   | Got a heavily runed cloak
  9355 | Lair:1   | Identified the +0 cloak of Sin {rC+ rN+ Stlth-} (You acquired it on level 1 of the Lair of Beasts)
  9424 | Lair:1   | Received a gift from Okawaru
  9449 | Lair:1   | Reached skill level 15 in Maces & Flails
  9533 | Lair:1   | Got a crude plate armour
  9544 | Lair:1   | Identified the +16 plate armour of Joy {rF+ MR- MP+9 Int-2 Dex+5} (You found it on level 1 of the Lair of Beasts)
 10049 | Lair:2   | Reached XP level 12. HP: 103/113 MP: 5/5
 10320 | Lair:2   | Noticed an eight-headed hydra
 10372 | Lair:2   | Killed an eight-headed hydra
 10874 | Lair:3   | Noticed a four-headed hydra
 10882 | Lair:3   | Killed a four-headed hydra
 11004 | Lair:3   | Found a staircase to the Snake Pit.
 11663 | Lair:4   | Received a gift from Okawaru
 11719 | Lair:4   | Reached skill level 16 in Maces & Flails
 11821 | Lair:4   | Noticed Snorg
 11828 | Lair:4   | Killed Snorg
 12072 | Lair:4   | Received a gift from Okawaru
 12361 | Lair:5   | Reached XP level 13. HP: 110/124 MP: 5/5
 12707 | Lair:5   | Reached skill level 17 in Maces & Flails
 13027 | Lair:5   | Noticed a six-headed hydra
 13034 | Lair:5   | Noticed a six-headed hydra
 13052 | Lair:5   | Killed a six-headed hydra
 13066 | Lair:5   | Killed a six-headed hydra
 13066 | Lair:5   | Received a gift from Okawaru
 13742 | Lair:6   | Found a staircase to the Swamp.
 14332 | Lair:6   | Received a gift from Okawaru
 14332 | Lair:6   | Reached skill level 15 in Fighting
 14438 | Lair:6   | Noticed Nergalle
 14447 | Lair:6   | Killed Nergalle
 14710 | Lair:6   | Reached skill level 18 in Maces & Flails
 15025 | Lair:7   | Found a staircase to the Slime Pits.
 15031 | Lair:7   | Found a viscous altar of Jiyva.
 15139 | Lair:7   | Reached skill level 15 in Armour
 15165 | Lair:7   | Received a gift from Okawaru
 15226 | Lair:7   | Reached XP level 14. HP: 121/135 MP: 5/5
 15713 | Lair:8   | Entered Level 8 of the Lair of Beasts
 16188 | Lair:8   | Received a gift from Okawaru
 16483 | Lair:8   | Reached skill level 19 in Maces & Flails
 17244 | Orc:1    | Found a roughly hewn altar of Beogh.
 17316 | Orc:1    | Found a roughly hewn altar of Beogh.
 17481 | Orc:1    | You fall through a shaft!
 17843 | Orc:2    | You fall through a shaft!
 17910 | Orc:3    | Found Cralov's Antique Armour Boutique.
 17996 | Orc:3    | Found a staircase to the Elven Halls.
 18586 | Orc:4    | Entered Level 4 of the Orcish Mines
 18586 | Orc:4    | Noticed Sonja
 19115 | Orc:3    | Killed Sonja
 19178 | Orc:4    | Found a radiant altar of Vehumet.
 19777 | Orc:4    | Found Smuebuec's Armour Shoppe.
 19777 | Orc:4    | Found Nituammo's Food Emporium.
 19777 | Orc:4    | Found Aroskootu's General Store.
 19803 | Orc:4    | Found Throte's Weapon Emporium.
 19952 | Orc:4    | Noticed Fannar
 19963 | Orc:4    | Killed Fannar
 19993 | Orc:4    | Paralysed by an orc sorcerer for 2 turns
 20535 | Orc:2    | Noticed Eustachio
 20543 | Orc:2    | Killed Eustachio
 21274 | D:12     | Received a gift from Okawaru
 21874 | D:13     | Noticed Erolcha
 21878 | D:13     | Killed Erolcha
 21928 | D:13     | Reached XP level 15. HP: 146/146 MP: 8/8
 21944 | D:13     | Got a faintly glowing great mace
 21947 | D:13     | Identified the cursed +3 great mace of Zihoev {crush, +Fly rF++ Str+4 Stlth-} (You found it on level 13 of the Dungeon)
 22189 | D:13     | Reached skill level 20 in Maces & Flails
 22680 | D:13     | Found a roughly hewn altar of Beogh.
 22761 | D:13     | Found a glowing silver altar of Zin.
 22991 | D:13     | Received a gift from Okawaru
 23586 | D:14     | Noticed Azrael
 23594 | D:14     | Reached skill level 21 in Maces & Flails
 23596 | D:14     | Found a labyrinth entrance.
 23617 | D:14     | Killed Azrael
 24152 | D:14     | Found a gate to the Vaults.
 24452 | Snake:1  | Entered Level 1 of the Snake Pit
 24452 | Snake:1  | Noticed Aizul
 24457 | Snake:1  | Killed Aizul
 24651 | Snake:1  | Noticed Nessos
 24672 | Snake:1  | Killed Nessos
 24819 | Swamp:1  | Entered Level 1 of the Swamp
 25195 | Swamp:1  | Received a gift from Okawaru
 25205 | Swamp:1  | Got a bloodstained eveningstar {god gift}
 25206 | Swamp:1  | Identified the +9 eveningstar "Undertaker" {flame, rF+ Stlth+} (Okawaru gifted it to you on level 1 of the Swamp)
 25418 | Swamp:1  | Reached XP level 16. HP: 157/157 MP: 8/8
 25695 | Swamp:2  | Noticed Asterion
 25705 | Swamp:2  | Killed Asterion
 26127 | Swamp:2  | Noticed Wiglaf
 26150 | Swamp:2  | Killed Wiglaf
 26484 | Swamp:3  | Reached skill level 22 in Maces & Flails
 26537 | Swamp:3  | Received a gift from Okawaru
 26545 | Swamp:3  | Got a pair of smoking boots {god gift}
 26556 | Swamp:3  | Identified the -1 pair of boots of the Harp {rC+} (Okawaru gifted it to you on level 3 of the Swamp)
 27090 | Swamp:4  | Noticed Frances
 27096 | Swamp:4  | Killed Frances
 27619 | Swamp:5  | Entered Level 5 of the Swamp
 27689 | Swamp:5  | Paralysed by a wasp for 2 turns
 28142 | Swamp:5  | Received a gift from Okawaru
 28873 | Swamp:5  | Got a decaying rune of Zot
 29084 | Swamp:5  | Reached skill level 23 in Maces & Flails
 29176 | Swamp:5  | Reached XP level 17. HP: 124/168 MP: 8/8
 30302 | Vaults:1 | Entered Level 1 of the Vaults
 30537 | Vaults:1 | Received a gift from Okawaru
 31331 | Vaults:2 | Received a gift from Okawaru
 31333 | Vaults:2 | Noticed Donald
 31339 | Vaults:2 | Killed Donald
 31386 | Vaults:2 | Reached skill level 24 in Maces & Flails
 31886 | Vaults:2 | Received a gift from Okawaru
 32211 | Vaults:2 | Found a staircase to the Crypt.
 32338 | Vaults:2 | Noticed Xtahua
 32341 | Vaults:2 | Reached XP level 18. HP: 180/180 MP: 9/9
 32347 | Vaults:2 | Killed Xtahua
 32911 | Vaults:3 | Received a gift from Okawaru
 33171 | Vaults:3 | Reached skill level 25 in Maces & Flails
 34127 | Vaults:3 | Received a gift from Okawaru
 34407 | Vaults:4 | Found Shearphi's Assorted Antiques.
 34851 | Vaults:4 | Reached XP level 19. HP: 190/190 MP: 9/9
 34916 | Vaults:4 | Cast into the Abyss (an ogre mage)
 34919 | Abyss:1  | Found a corrupted altar of Lugonu.
 35050 | Abyss:1  | Noticed an ancient lich
 35054 | Abyss:1  | Killed an ancient lich
 35112 | Abyss:1  | Found a corrupted altar of Lugonu.
 35115 | Abyss:1  | Noticed a bone dragon
 35141 | Abyss:1  | Reached skill level 26 in Maces & Flails
 35145 | Abyss:1  | Killed a bone dragon
 35151 | Abyss:1  | Gained mutation: [Scrolls take you a little longer to read.] [a cacodemon]
 35154 | Abyss:1  | Gained mutation: [Your body is slowly deteriorating.] [a neqoxec]
 35157 | Abyss:1  | Gained mutation: [Your spells are a little easier to cast, but a little less powerful.] [a cacodemon]
 35255 | Abyss:1  | Received a gift from Okawaru
 35464 | Vaults:4 | Escaped the Abyss
 35930 | Vaults:4 | Received a gift from Okawaru
 36060 | Vaults:5 | Entered Level 5 of the Vaults
 36541 | Vaults:4 | Received a gift from Okawaru
 38375 | Snake:2  | Reached skill level 27 in Maces & Flails
 38393 | Snake:2  | Noticed Norris
 38399 | Snake:2  | Killed Norris
 38399 | Snake:2  | Reached XP level 20. HP: 130/202 MP: 9/9
 38829 | Snake:2  | Noticed Vashnia
 38863 | Snake:2  | HP: 10/202 [naga sharpshooter/arrow[Vashnia] (18)]
 39830 | Snake:3  | Noticed Agnes
 39842 | Snake:3  | Killed Agnes
 40505 | Elf:1    | Entered Level 1 of the Elven Halls
 40526 | Elf:1    | Received a gift from Okawaru
 40830 | Elf:1    | Identified Khufu's Volume of Dark Secrets
 41344 | Elf:2    | Found a runed gate.
 41346 | Elf:2    | Found a runed gate.
 41347 | Elf:2    | Found a runed gate.
 41420 | Elf:2    | Found Sazo's Weapon Shop.
 41516 | Elf:2    | Noticed Roxanne
 41539 | Elf:2    | Killed Roxanne
 41760 | Elf:2    | Noticed Nikola
 41766 | Elf:2    | Killed Nikola
 41787 | Elf:2    | Noticed Louise
 41806 | Elf:2    | Killed Louise
 41904 | Elf:2    | Received a gift from Okawaru
 43501 | Snake:4  | Noticed Saint Roka
 43525 | Snake:4  | Killed Saint Roka
 43525 | Snake:4  | Received a gift from Okawaru
 44344 | Snake:5  | Entered Level 5 of the Snake Pit
 44435 | Snake:5  | Reached XP level 21. HP: 137/214 MP: 10/10
 45222 | Snake:5  | Received a gift from Okawaru
 46424 | Snake:5  | Got a serpentine rune of Zot
 47420 | Elf:3    | Entered Level 3 of the Elven Halls
 47488 | Elf:3    | Found Yrovean's Book Shop.
 47647 | Elf:3    | Noticed Chiseanne's ghost (mighty DsFi)
 47664 | Elf:3    | Killed Chiseanne's ghost
 47711 | Elf:3    | HP: 8/220 [ghostly deep elf blademaster/rapier (10)]
 47739 | Elf:3    | Cast into the Abyss (a deep elf sorcerer)
 48142 | Abyss:1  | Lost intelligence.
 48178 | Abyss:1  | HP: 6/154 [small abomination (3)]
 48186 | Abyss:1  | HP: 8/198 [raiju/living lightning (3)]
 48187 | Abyss:1  | HP: 2/198 [raiju/living lightning (6)]
 48188 | Abyss:1  | Slain by a raiju

Action                   |  1- 3 |  4- 6 |  7- 9 | 10-12 | 13-15 | 16-18 | 19-21 || total
-------------------------+-------+-------+-------+-------+-------+-------+-------++-------
Melee: Flail             |    66 |   176 |    90 |       |       |       |       ||   332
       Great mace        |       |       |   120 |   500 |  1109 |   613 |  1136 ||  3478
       Eveningstar       |       |       |       |       |    11 |   319 |       ||   330
Invok: Heroism           |       |       |       |       |       |       |     1 ||     1
 Abil: Evoke Flight      |       |       |       |     2 |       |       |       ||     2
Evoke: Wand              |       |       |       |     2 |     8 |     1 |       ||    11
  Use: Scroll            |       |     6 |    10 |    10 |    14 |     2 |     1 ||    43
       Potion            |       |       |       |       |     3 |     3 |    11 ||    17
 Stab: Distracted        |       |       |       |       |       |       |     1 ||     1
  Eat: Chunk             |       |     7 |     9 |    22 |    41 |    30 |    30 ||   139
       Fruit             |       |       |       |       |       |     1 |     2 ||     3
       Bread ration      |       |       |       |       |       |       |     3 ||     3
